Map: [ESL] Oceanborn

Players

HeroMarine - Winner!

  • Race: Terran Terran
  • Spawn Location: 5:00

Krystianer

  • Race: Protoss Protoss
  • Spawn Location: 11:00

Event: ESL SC2 Masters 2023 Winter (Regional)

VOD

Have the link to the VOD?

Description

Time

  • Played on: Nov. 3, 2023, 10:42 a.m.
  • Length: 12:47

All games in this series

Show
View Real Time Build Order
Export as new Build Order

HeroMarine Terran - Winner!

Build Orders:  

Get SALT Encoding   

  12  0:00  SCV  
  13  0:12  SCV  
  14  0:16  Supply Depot  
  14  0:24  SCV  
  15  0:38  SCV  
  15  0:40  Barracks  
  16  0:43  Refinery  
  16  0:50  SCV  
  16  0:52  Refinery  
  17  1:02  SCV  
  18  1:14  SCV  
  19  1:27  Orbital Command, Reaper  
  20  1:40  Factory  
  20  1:46  Supply Depot  
  20  1:52  SCV  
  21  1:59  Reaper  
  22  2:02  Bunker  
  22  2:04  SCV  
  23  2:17  SCV  
  24  2:28  Command Center  
  24  2:29  SCV  
  25  2:35  Barracks Reactor  
  25  2:41  SCV  
  26  2:45  Starport  
  26  2:53  SCV, Widow Mine  
  29  3:02  Supply Depot  
  29  3:05  SCV  
  30  3:17  Marine  
  31  3:23  Widow Mine, Medivac, Marine, SCV  
  37  3:35  SCV  
  37  3:37  Marine  
  39  3:47  Factory Tech Lab, SCV, Marine  
  41  3:49  Orbital Command  
  41  3:53  Starport Tech Lab  
  41  3:55  Barracks, Marine  
  41  4:00  SCV  
  43  4:05  Marine  
  43  4:07  Siege Tank  
  47  4:10  Bunker  
  47  4:11  Supply Depot  
  47  4:12  SCV  
  47  4:17  Raven, SCV  
  49  4:20  Marine  
  49  4:24  SCV, Marine  
  52  4:29  SCV  
  54  4:31  Supply Depot  
  54  4:36  SCV  
  55  4:39  Siege Tank  
  55  4:40  Marine  
  55  4:42  Bunker  
  55  4:43  SCV  
  60  4:47  Marine  
  60  4:48  SCV  
  62  4:55  Stimpack, SCV  
  62  4:57  Marine  
  62  4:58  Marine  
  65  5:00  SCV  
  65  5:01  Supply Depot  
  65  5:02  Refinery  
  65  5:04  Barracks  
  66  5:07  SCV  
  66  5:12  SCV  
  68  5:14  Marine  
  68  5:19  SCV  
  69  5:23  Siege Tank  
  69  5:24  SCV  
  69  5:25  Marine x2  
  75  5:31  Starport Tech Lab, SCV  
  75  5:34  Marine  
  75  5:35  Engineering Bay  
  77  5:36  SCV  
  75  5:43  SCV, Marine  
  75  5:47  Marine  
  75  5:48  SCV  
  77  5:52  Marine  
  77  5:55  Siege Tank  
  77  5:56  SCV  
  70  6:00  Marine  
  70  6:01  SCV  
  68  6:08  SCV  
  68  6:11  Marine  
  70  6:13  SCV  
  70  6:15  Terran Infantry Weapons Level 1  
  72  6:18  Marine x2  
  72  6:20  SCV  
  72  6:23  Marine  
  72  6:24  Combat Shield  
  72  6:25  SCV  
  75  6:27  Siege Tank  
  75  6:32  SCV  
  78  6:33  Refinery  
  78  6:37  Starport Reactor, Supply Depot, SCV  
  78  6:38  Marine x2  
  81  6:44  SCV  
  81  6:46  Marauder  
  81  6:47  Marauder  
  86  6:51  Supply Depot  
  86  6:59  Siege Tank, SCV x2  
  91  7:01  Marine  
  91  7:02  Supply Depot  
  91  7:03  Marine  
  91  7:06  Marine  
  94  7:12  Marine  
  94  7:13  SCV x2  
  94  7:14  Supply Depot  
  97  7:19  Medivac  
  97  7:22  Medivac  
  99  7:23  Marine x2  
  99  7:24  Marine  
  99  7:25  SCV  
  99  7:28  SCV  
  100  7:30  Marine  
  100  7:34  Siege Tank  
  104  7:38  Concussive Shells  
  104  7:41  SCV, Marine x2  
  104  7:42  SCV  
  104  7:43  Marauder  
  110  7:48  Marine  
  110  7:51  Supply Depot  
  111  7:54  Supply Depot, Medivac x2  
  115  8:03  Marine x2  
  115  8:04  Marauder  
  113  8:13  Terran Infantry Armor Level 1  
  113  8:14  Command Center  
  113  8:16  Factory Reactor  
  113  8:18  Marauder  
  115  8:21  Marine x2  
  115  8:23  SCV x2  
  115  8:25  Marauder  
  101  8:39  Marauder  
  101  8:40  SCV  
  99  8:41  SCV  
  99  8:42  Marine x2  
  99  8:46  Barracks  
  99  8:47  Barracks, Marauder  
  101  8:59  Marine x2  
  101  9:01  SCV x2, Marauder  
  107  9:08  Marauder  
  99  9:14  SCV x2  
  95  9:17  Marine x2  
  95  9:20  Armory, Widow Mine x2  
  95  9:22  Marauder  
  101  9:25  Medivac  
  101  9:28  Medivac  
  101  9:30  Marauder  
  109  9:35  Barracks Reactor, Barracks Tech Lab, Marine x2  
  109  9:43  Marauder, SCV x2  
  111  9:46  Widow Mine x2  
  111  9:50  Orbital Command  
  111  9:51  Marauder  
  117  9:53  Marine x2  
  117  9:57  Marauder  
  121  10:05  Marauder  
  121  10:06  Engineering Bay  
  117  10:09  Widow Mine x2  
  117  10:11  Terran Infantry Weapons Level 2  
  117  10:12  Marauder  
  122  10:18  Orbital Command, Marauder  
  122  10:19  Orbital Command  
  117  10:26  Marauder  
  117  10:27  Marine x3  
  112  10:28  Marine  
  112  10:34  Marauder  
  112  10:39  Marauder  
  113  10:45  Marine  
  113  10:47  Marauder  
  113  10:48  Marine x3  
  117  10:55  Marauder  
  101  11:01  Marauder  
  101  11:02  SCV  
  101  11:03  Marine  
  98  11:06  Marine x3  
  98  11:09  Marauder  
  98  11:11  SCV  
  98  11:12  SCV  
  98  11:14  SCV  
  98  11:16  Marauder  
  100  11:21  Marine  
  100  11:22  Marauder  
  100  11:24  Marine x3  
  100  11:25  SCV x2  
  108  11:26  SCV  
  108  11:30  Marine  
  110  11:38  Marine, Marauder  
  110  11:39  Widow Mine x2, Medivac  
  117  11:41  Medivac  
  117  11:42  Marine x3  
  117  11:44  SCV x2, Marauder  
  117  11:46  SCV  
  122  11:48  Marauder  
  124  11:56  Marine  
  124  11:59  Marine, Marauder  
  124  12:00  Widow Mine x2  
  130  12:01  Marine  
  130  12:02  Marine  
  130  12:05  Marauder  
  134  12:09  Marauder, Medivac  
  134  12:11  Medivac  
  134  12:14  Marine  
  141  12:17  Marine  
  141  12:19  Marine x2  
  141  12:21  Marauder  
  141  12:22  Widow Mine  
  148  12:28  Supply Depot x2  
Show
View Real Time Build Order
Export as new Build Order

Krystianer Protoss 

Build Orders: 1 Gate Expand, Blink Stalkers, Zealot Archon 

Get SALT Encoding   

  12  0:00  Probe  
  13  0:12  Probe  
  14  0:17  Pylon  
  14  0:24  Probe (Chrono Boost)  
  16  0:36  Gateway, Probe (Chrono Boost)  
  16  0:42  Probe (Chrono Boost)  
  16  0:45  Assimilator  
  17  0:50  Probe  
  18  1:03  Probe  
  19  1:15  Probe  
  20  1:23  Cybernetics Core  
  20  1:32  Nexus  
  20  1:34  Probe  
  21  1:41  Pylon  
  21  1:46  Probe  
  22  1:48  Assimilator  
  22  1:58  Probe  
  25  2:01  Warp Gate  
  25  2:03  Stalker (Chrono Boost)  
  25  2:12  Shield Battery  
  25  2:13  Probe  
  26  2:23  Stalker (Chrono Boost)  
  26  2:25  Probe  
  29  2:35  Twilight Council  
  29  2:40  Probe (Chrono Boost)  
  30  2:45  Probe (Chrono Boost)  
  31  2:56  Probe (Chrono Boost)  
  31  2:57  Probe (Chrono Boost)  
  32  3:01  Probe (Chrono Boost)  
  32  3:02  Stalker  
  32  3:04  Probe (Chrono Boost)  
  36  3:07  Blink (Chrono Boost)  
  36  3:11  Probe  
  37  3:15  Probe  
  38  3:23  Probe  
  39  3:28  Probe  
  39  3:31  Robotics Facility  
  40  3:35  Probe  
  40  3:40  Probe  
  42  3:44  Gateway x2  
  42  3:49  Gateway, Probe  
  42  3:54  Pylon  
  42  3:55  Probe  
  44  4:00  Stalker  
  46  4:12  Probe x2  
  48  4:18  Warp Prism (Chrono Boost)  
  48  4:19  Pylon  
  50  4:24  Probe, Assimilator, Stalker  
  50  4:27  Pylon  
  50  4:28  Probe  
  54  4:42  Pylon  
  54  4:43  Stalker x2  
  54  4:44  Stalker  
  60  4:48  Stalker  
  60  4:50  Observer  
  63  5:08  Stalker x4  
  63  5:12  Pylon  
  71  5:26  Stalker  
  71  5:31  Stalker x2  
  71  5:32  Probe x2  
  75  5:44  Probe x2  
  75  5:50  Stalker  
  75  5:51  Stalker  
  75  5:56  Probe  
  75  5:57  Probe  
  76  5:59  Stalker  
  66  6:12  Nexus  
  66  6:13  Probe (Chrono Boost)  
  66  6:14  Probe (Chrono Boost)  
  66  6:17  Observer  
  67  6:25  Probe (Chrono Boost)  
  69  6:26  Probe (Chrono Boost)  
  69  6:28  Charge  
  69  6:30  Probe (Chrono Boost)  
  69  6:31  Probe (Chrono Boost)  
  71  6:39  Probe  
  72  6:40  Probe  
  72  6:42  Gateway  
  72  6:45  Gateway  
  73  6:51  Probe  
  73  6:52  Gateway  
  73  6:53  Gateway, Probe  
  75  6:54  Templar Archives  
  75  7:00  Immortal (Chrono Boost)  
  75  7:05  Probe  
  80  7:11  Sentry  
  80  7:13  Probe, Pylon  
  83  7:21  Zealot  
  85  7:23  Probe (Chrono Boost)  
  85  7:28  Probe (Chrono Boost)  
  80  7:31  Zealot x2  
  80  7:32  Probe (Chrono Boost)  
  80  7:35  Probe (Chrono Boost)  
  81  7:41  Zealot x2  
  81  7:42  Zealot, Probe x2 (Chrono Boost)  
  81  7:43  Probe (Chrono Boost)  
  90  7:46  High Templar x2  
  90  7:49  Shield Battery  
  90  7:50  Zealot  
  97  7:51  Archon  
  97  7:53  Zealot  
  98  8:02  Zealot x2  
  98  8:03  Zealot x2  
  106  8:05  Probe  
  104  8:14  Zealot x2  
  108  8:26  Pylon  
  108  8:27  Pylon  
  108  8:28  Pylon  
  86  8:40  Zealot x8  
  75  8:44  Probe  
  76  9:00  Zealot x2  
  76  9:01  Zealot x5  
  76  9:02  Zealot  
  92  9:09  Probe x2  
  86  9:12  Probe  
  83  9:22  High Templar x2  
  83  9:23  High Templar x2, Warp Prism (Chrono Boost), Zealot x4  
  99  9:27  Archon  
  99  9:28  Archon  
  101  9:41  Probe  
  101  9:45  Nexus, High Templar x2, Zealot x2  
  106  9:48  Probe  
  106  9:50  Probe, Pylon  
  106  9:52  Archon  
  112  9:54  Probe  
  112  9:57  Zealot x3  
  119  10:01  Zealot  
  107  10:21  High Templar x2  
  107  10:22  Zealot x6  
  107  10:23  Probe  
  107  10:24  Probe  
  107  10:27  Probe  
  118  10:30  Archon  
  118  10:35  Probe  
  109  10:36  Probe  
  109  10:39  Probe  
  109  10:42  Forge  
  105  10:43  Zealot x4  
  105  10:45  Zealot  
  109  10:52  Zealot  
  109  10:53  Probe  
  109  10:55  Zealot x2  
  88  11:02  Probe  
  85  11:04  Probe  
  85  11:05  Zealot x3  
  85  11:09  Zealot x2  
  82  11:18  Zealot x3  
  82  11:19  Immortal (Chrono Boost)  
  86  11:27  High Templar x2  
  86  11:28  Zealot  
  92  11:36  Zealot x2  
  92  11:37  Archon  
  92  11:39  Zealot x3  
  102  11:43  Probe  
  102  11:44  Probe  
  100  11:50  Stalker  
  102  12:00  Photon Cannon  
  95  12:02  Stalker  
  95  12:03  Stalker x4  
  95  12:07  Pylon  
  94  12:20  Zealot x3  
  91  12:38  Zealot x5  
Tags
 
Add a new tag
Caveats
  • Supply blocks, unpowered buildings, or Contaminate may cause inaccurate times.
  • Supply counts are checked every 10 seconds.